Map: 10000 Feet LE

Players

SCIInewby

  • Race: Zerg Zerg
  • League: Master
  • Spawn Location: 5:00

Grize - Winner!

  • Race: Protoss Protoss
  • League: Gold
  • Spawn Location: 11:00

VOD

Have the link to the VOD?

Description

Time

  • Played on: Feb. 6, 2026, 8:56 p.m.
  • Length: 11:23
Show
View Real Time Build Order
Export as new Build Order

SCIInewby Zerg 

Build Orders: Pool First 

Get SALT Encoding   

  12  0:00  Drone  
  13  0:08  Drone  
  14  0:15  Extractor, Drone  
  15  0:22  Overlord  
  15  0:39  Spawning Pool  
  15  0:41  Drone  
  15  0:49  Drone, Extractor  
  15  0:51  Drone  
  16  1:06  Drone x2  
  18  1:26  Zergling x2  
  18  1:28  Zergling x2  
  20  1:36  Queen  
  22  1:46  Overlord  
  22  2:05  Zergling x4  
  24  2:09  Hatchery  
  24  2:13  Zergling x2  
  24  2:22  Zergling x2  
  24  2:34  Zergling x2  
  24  2:36  Metabolic Boost  
  25  3:07  Zergling x2  
  25  3:08  Zergling x8  
  25  3:25  Drone x3  
  27  3:33  Queen  
  29  3:35  Zergling x4  
  31  3:47  Drone x2  
  28  4:12  Roach Warren  
  28  4:13  Drone  
  28  4:14  Drone x4, Spine Crawler  
  29  4:27  Drone  
  29  4:28  Roach Warren, Drone x5  
  34  4:33  Extractor  
  33  4:47  Spine Crawler  
  33  4:48  Spine Crawler  
  31  4:53  Roach x2  
  31  4:58  Extractor x2  
  31  4:59  Overlord  
  34  5:08  Lair  
  34  5:13  Overlord x2  
  34  5:17  Drone x2  
  36  5:21  Overlord  
  36  5:37  Drone  
  36  5:38  Drone x5  
  42  5:47  Zergling x2  
  42  5:48  Zergling x4  
  45  5:57  Drone  
  45  5:58  Drone x2  
  48  6:09  Zergling x4  
  50  6:14  Zergling x6  
  53  6:21  Evolution Chamber  
  53  6:24  Zergling x4  
  53  6:25  Evolution Chamber, Zergling x4  
  55  6:36  Drone  
  55  6:37  Drone, Spire  
  49  7:06  Zergling x2  
  49  7:07  Zergling x14  
  57  7:18  Hatchery  
  57  7:22  Drone x2  
  58  7:25  Zergling x2  
  54  7:40  Roach  
  54  7:41  Roach x4  
  54  7:46  Roach, Zergling x2  
  54  7:47  Zergling x2  
  54  7:50  Mutalisk  
  60  8:00  Spine Crawler  
  60  8:01  Spine Crawler  
  60  8:03  Roach  
  59  8:08  Roach  
  53  8:14  Mutalisk x2, Zergling x2  
  53  8:15  Zergling x2  
  51  8:22  Ravager  
  48  8:28  Ravager  
  48  8:31  Evolution Chamber  
  48  8:33  Mutalisk  
  42  8:34  Roach, Mutalisk  
  42  8:39  Zergling x2  
  31  8:49  Mutalisk  
  31  8:50  Mutalisk  
  31  8:53  Zergling x2  
  36  8:57  Mutalisk  
  36  8:58  Zergling x4  
  39  9:05  Mutalisk  
  41  9:10  Drone  
  42  9:19  Mutalisk  
  42  9:23  Drone  
  42  9:46  Zergling x10  
  47  10:01  Mutalisk, Zergling x4  
  50  10:07  Zergling x2  
  45  10:17  Zergling x4  
  45  10:28  Zergling x4  
  44  10:29  Zergling x2  
  43  10:38  Mutalisk  
Show
View Real Time Build Order
Export as new Build Order

Grize Protoss - Winner!

Build Orders:  

Get SALT Encoding   

  1  0:00  Probe  
  12  0:05  Probe  
  14  0:15  Probe  
  15  0:27  Pylon  
  15  0:35  Assimilator  
  15  0:45  Probe  
  16  0:50  Gateway  
  16  0:57  Probe  
  17  1:09  Probe  
  18  1:18  Probe  
  18  1:23  Pylon  
  19  1:26  Probe  
  19  1:29  Pylon  
  20  1:36  Probe  
  21  1:46  Assimilator  
  21  1:48  Probe  
  21  1:54  Cybernetics Core  
  22  1:55  Gateway  
  22  2:00  Probe  
  23  2:12  Probe  
  24  2:24  Probe  
  26  2:38  Pylon  
  26  2:39  Warp Gate  
  26  2:41  Adept  
  26  2:45  Gateway, Adept  
  26  2:50  Pylon  
  28  2:51  Gateway  
  27  3:11  Adept  
  23  3:14  Adept  
  25  3:33  Adept  
  27  3:40  Adept  
  29  3:47  Probe  
  30  3:57  Shield Battery  
  30  4:00  Probe  
  31  4:08  Pylon  
  31  4:12  Probe  
  32  4:24  Probe  
  33  4:36  Probe  
  33  4:37  Stalker  
  36  5:04  Adept x2  
  36  5:05  Adept  
  42  5:11  Zealot  
  44  5:35  Nexus  
  44  5:38  Pylon  
  44  5:41  Pylon  
  44  5:44  Twilight Council  
  44  5:45  Zealot  
  46  5:59  Pylon  
  46  6:02  Probe  
  46  6:03  Pylon  
  47  6:05  Pylon  
  47  6:12  Shield Battery  
  47  6:14  Probe  
  48  6:26  Probe  
  48  6:28  Resonating Glaives  
  48  6:48  Adept x3  
  54  6:58  Probe x2  
  56  7:06  Zealot  
  58  7:10  Probe x2  
  60  7:30  Robotics Facility  
  60  7:33  Zealot x4  
  68  8:00  Zealot x4  
  76  8:09  Warp Prism  
  66  8:42  Zealot  
  66  8:43  Zealot x3  
  66  9:04  Stalker  
  66  9:05  Stalker x3  
  60  9:24  Assimilator  
  60  9:26  Assimilator  
  60  9:30  Shield Battery  
  58  9:32  Shield Battery  
  58  9:33  Stalker  
  60  9:44  Gateway  
  60  9:46  Gateway  
  60  9:48  Gateway  
  60  9:53  Stalker x3  
  65  10:13  Stalker  
  67  10:18  Zealot  
  67  10:19  Zealot x2  
  65  10:47  Stalker x2  
  61  11:16  Stalker  
  63  11:19  Zealot x5  
Tags
 
Matchup
PvZ
Opening
Pool First
Replay Pack
Multiplayer
Spawn Locations
Cross Positions
Add a new tag
Caveats
  • Supply blocks, unpowered buildings, or Contaminate may cause inaccurate times.
  • Supply counts are checked every 10 seconds.